 Dungeon Crawl Stone Soup version 0.22.1-2-g9c5b331 (webtiles) character file.

43878 Gearfox the Fencer (level 13, -2/125 HPs)
             Began as a Minotaur Berserker on Dec 9, 2018.
             Was a High Priest of Trog.
             Slain by a tyrant leech (3 damage)
             ... on level 2 of the Lair of Beasts.
             The game lasted 01:09:09 (20481 turns).

Gearfox the Fencer (Minotaur Berserker)            Turns: 20481, Time: 01:09:10

Health: -2/125     AC: 26    Str: 24    XL:     13   Next: 93%
Magic:  11/11      EV:  9    Int:  2    God:    Trog [*****.]
Gold:   393        SH:  8    Dex: 13    Spells: 12/12 levels left

rFire    x . .     SeeInvis .   a - +6 great sword (freeze)
rCold    + + .     Gourm    .   (shield currently unavailable)
rNeg     . . .     Faith    .   P - +4 plate armour
rPois    .         Spirit   .   O - +2 hat
rElec    .         Reflect  +   C - +2 cloak
rCorr    .         Harm     .   (no gloves)
MR       ++...     Clarity  +   k - +1 pair of boots
Stlth    ..........             m - +4 amulet of reflection
HPRegen  1.30/turn              u - ring of ice
MPRegen  0.12/turn              E - ring of protection from cold

@: berserk cooldown, regenerating, slowed, very slow
A: retaliatory headbutt, horns 2, large bone plates 1, clarity, dopey 1, low mp
1
a: Berserk, Trog's Hand, Brothers in Arms, Renounce Religion


You were on level 2 of the Lair of Beasts.
You worshipped Trog.
Trog was extremely pleased with you.
You were near starving.

You visited 2 branches of the dungeon, and saw 17 of its levels.
You also visited: Ice Cave.

You collected 729 gold pieces.
You spent 336 gold pieces at shops.

Inventory:

Hand Weapons
 a - a +6 great sword of freezing (weapon)
 b - a +1 hunting sling
 K - a +6 great sword of flaming
Missiles
 h - 337 stones (quivered)
 i - 53 sling bullets
 x - 29 poisoned needles
Armour
 d - a +0 chain mail
 k - a +1 pair of boots (worn)
 C - a +2 cloak (worn)
 I - a +0 cloak
 J - +0 steam dragon scales
 O - a +2 hat (worn)
 P - a +4 plate armour (worn)
Jewellery
 m - a +4 amulet of reflection (around neck)
 u - a ring of ice (left hand)
 E - a ring of protection from cold (right hand)
 N - an uncursed amulet of guardian spirit
Wands
 t - a wand of iceblast (19)
 w - a wand of scattershot (5)
 y - a wand of flame (101)
 B - a wand of disintegration (34)
 H - a wand of digging (26)
 L - a wand of clouds (7)
Scrolls
 l - 7 scrolls of teleportation
 p - 2 scrolls of magic mapping
 A - 5 scrolls of remove curse
 M - a scroll of silence
 Q - a scroll of blinking
Potions
 f - 3 potions of brilliance
 g - 10 potions of curing
 j - 2 potions of ambrosia
 n - 3 potions of heal wounds
 o - 3 potions of invisibility
 q - 5 potions of haste
 r - 2 potions of lignification
 s - 2 potions of might
 v - a potion of berserk rage
 z - 4 potions of flight
 D - a potion of agility {unknown}
 G - 3 potions of mutation
Comestibles
 c - 27 rations


   Skills:
 * Level 14.8 Fighting
 - Level 20.0 Long Blades
   Level 4.4 Maces & Flails
 * Level 2.7 Slings
 + Level 10.8 Armour
 * Level 3.6 Dodging
 + Level 0.6 Evocations


You had 12 spell levels left.
You didn't know any spells.
Your spell library was empty.

Dungeon Overview and Level Annotations

Branches:
Dungeon (15/15)            Temple (0/1) D:7            Lair (2/6) D:10
    Orc (0/2) D:9          Vaults (0/5) D:14
  Swamp: Lair:2-4    Shoals: Lair:2-4     Snake: Lair:2-4    Spider: Lair:2-4
 Depths: D:15

Altars:
Elyvilon
Fedhas
Makhleb
Okawaru
Yredelemnul
The Shining One

Shops:
D:9 (   D:12 ?

Annotations:
D:6 3 runed doors, havocjr's ghost, novice GnCj


Innate Abilities, Weirdness & Mutations

You reflexively headbutt those who attack you in melee.
You have a pair of horns on your head.
You are partially covered in large bone plates. (SH +4)
You possess an exceptional clarity of mind.
You are dopey. (Int -2)
Your magical capacity is low. (-10% MP)


Message History

The tyrant leech bites you!
* * * LOW HITPOINT WARNING * * *
The tyrant leech draws strength from your injuries!
You slice the tyrant leech!! You freeze the tyrant leech.
You kill the tyrant leech!
Trog accepts your kill.
The swamp worm bites you but does no damage.
You are too berserk!
You feel a strong urge to attack something.
You feel your anger nearly subside.
You are no longer berserk.
You are exhausted.
You feel yourself slow down.
The swamp worm throws harpoon shot at you.
The harpoon shot hits you!
The swamp worm throws harpoon shot at you.
The harpoon shot hits you!
* * * LOW HITPOINT WARNING * * *
You are yanked forward by the harpoon shot.
The tyrant leech bites you.
You die...

# ######>.....#..≈w≈≈≈≈≈≈
###.P##..#.....#.#≈≈P#w≈≈
..........##..##.≈≈≈≈# #
..####....##[..#.#≈≈≈≈≈≈≈
...###........##ww#..≈≈≈≈
..P#..#...P#..##w###.....
....#....P.....†wP##...#.
................ww.....##
................@........
......<..............$.##
.........)..........<..P#
................P###.PP##
...............### #..#
..............## #.#
.............## .#
######.#####.# ### ..P


You could see 2 tyrant leeches, a torpor snail and 3 swamp worms.

Vanquished Creatures
  Gastronok (Lair:1)
  Snorg (D:11)
  Josephine (D:10)
  Harold (D:8)
  Erolcha (D:11)
  4 vault guards
  A death knight (D:14)
  3 two-headed ogres
  Erica (D:11)
  Sonja (D:12)
  2 unseen horrors
  8 ugly things
  2 deep elf magi (D:14)
  2 cyclopes
  2 manticores
  Maurice (D:9)
  A spiny frog (Lair:2)
  A gargoyle (D:10)
  A freezing wraith (D:14)
  A komodo dragon (Lair:1)
  5 trolls
  A tyrant leech (Lair:2)
  6 polar bears (IceCv)
  Grinder (D:5)
  2 hippogriffs
  4 blink frogs (Lair:1)
  12 slime creatures
  A meliai zombie (D:11)
  A centaur simulacrum (D:14)
  A water elemental (D:15)
  3 shadows
  A vampire (D:12)
  26 yaks
  A hungry ghost (D:14)
  5 wraiths
  A steam dragon (D:12)
  3 basilisks
  2 vampire mosquitoes (D:13)
  2 swamp worms (Lair:2)
  2 soldier ants
  Duvessa (D:6)
  An acid dragon (D:14)
  3 water moccasins
  4 porcupines
  7 orc warriors
  7 ice beasts
  2 black bears
  5 sky beasts
  14 ogres
  5 wolves (IceCv)
  4 centaurs
  5 phantoms
  2 crocodiles (Lair:1)
  11 big kobolds
  13 bullfrogs
  2 gnoll sergeants (D:9)
  A wyvern skeleton (D:6)
  Dowan (D:6)
  6 scorpions
  10 killer bees
  9 wights
  4 howler monkeys
  2 crimson imps
  4 centaur zombies
  A quasit (D:6)
  A bullfrog zombie (D:5)
  8 hounds
  6 jellies
  4 centaur skeletons
  5 orc priests
  4 bullfrog skeletons
  5 iguanas
  13 orc wizards
  13 worker ants
  2 killer bee zombies
  A hound skeleton (D:7)
  2 hound zombies
  A worker ant zombie (D:10)
  5 gnolls
  18 adders
  A howler monkey skeleton (D:6)
  4 shadow imps
  12 white imps (D:12)
  2 adder skeletons
  An adder zombie (D:5)
  A worm (D:2)
  A dart slug (D:2)
  5 leopard geckos
  43 orcs
  4 bats
  9 giant cockroaches
  2 hobgoblins (D:2)
  16 jackals
  6 quokkas
  A ball python (D:2)
  5 frilled lizards
  A giant cockroach zombie (D:6)
  10 goblins
  35 kobolds
  11 rats
  A spectral orc (D:3)
499 creatures vanquished.

Vanquished Creatures (collateral kills)
  A bullfrog (D:8)
  2 jackals (D:8)
3 creatures vanquished.

Vanquished Creatures (others)
  A fungus (Lair:1)
  3 plants (Lair:2)
4 creatures vanquished.

Grand Total: 506 creatures vanquished

Notes
Turn   | Place    | Note
-------+----------+-------------------------------------------
     0 | D:1      | Gearfox the Minotaur Berserker began the quest for the Orb.
     0 | D:1      | Reached XP level 1. HP: 19/19 MP: 0/0
   764 | D:1      | Reached XP level 2. HP: 27/27 MP: 1/1
  1178 | D:2      | Reached XP level 3. HP: 27/33 MP: 2/2
  1463 | D:2      | Found a glowing golden altar of the Shining One.
  1580 | D:2      | Reached ** piety under Trog
  1901 | D:2      | Reached skill level 1 in Long Blades
  1919 | D:3      | Reached XP level 4. HP: 38/41 MP: 3/3
  2221 | D:3      | Reached skill level 2 in Long Blades
  2404 | D:3      | Found a burning altar of Makhleb.
  2805 | D:3      | Found a basalt altar of Yredelemnul.
  2972 | D:4      | Reached XP level 5. HP: 47/47 MP: 4/4
  3000 | D:4      | Reached skill level 5 in Fighting
  3000 | D:4      | Reached skill level 3 in Long Blades
  3036 | D:4      | Reached skill level 4 in Long Blades
  3254 | D:4      | Noticed a centaur
  3258 | D:4      | Killed a centaur
  3258 | D:4      | Reached skill level 5 in Long Blades
  3258 | D:4      | Reached XP level 6. HP: 45/56 MP: 5/5
  3739 | D:4      | Found a blossoming altar of Fedhas.
  4053 | D:5      | Entered Level 5 of the Dungeon
  4071 | D:5      | Reached skill level 6 in Long Blades
  4095 | D:5      | Reached XP level 7. HP: 61/61 MP: 6/6
  4125 | D:5      | Reached skill level 7 in Long Blades
  4187 | D:5      | Reached *** piety under Trog
  4243 | D:5      | Reached skill level 8 in Long Blades
  4286 | D:5      | Reached XP level 8. HP: 52/70 MP: 7/7
  4746 | D:5      | Noticed Grinder
  4775 | D:5      | Reached skill level 9 in Long Blades
  4775 | D:5      | Reached skill level 5 in Armour
  4787 | D:5      | Killed Grinder
  5110 | D:6      | Found a white marble altar of Elyvilon.
  5129 | D:6      | Reached skill level 10 in Long Blades
  5248 | D:6      | Noticed Dowan
  5262 | D:6      | Noticed Duvessa
  5264 | D:6      | Killed Dowan
  5275 | D:6      | Reached skill level 11 in Long Blades
  5281 | D:6      | Killed Duvessa
  5281 | D:6      | Reached XP level 9. HP: 78/78 MP: 8/8
  5361 | D:6      | Found an iron altar of Okawaru.
  5868 | D:6      | Found a runed gate.
  5869 | D:6      | Found a runed gate.
  5869 | D:6      | Found a runed gate.
  5875 | D:6      | Noticed havocjr's ghost (novice GnCj)
  5978 | D:6      | Gained mutation: You are resistant to hostile enchantments.
                  | (MR+) [potion of mutation]
  5978 | D:6      | Gained mutation: You are agile. (Dex +2) [potion of
                  | mutation]
  5978 | D:6      | Gained mutation: You do not regenerate when monsters are
                  | visible. [potion of mutation]
  5978 | D:6      | Gained mutation: Your mind is acute. (Int +2) [potion of
                  | mutation]
  5979 | D:6      | Lost mutation: Your mind is acute. (Int +2) [potion of
                  | mutation]
  5979 | D:6      | Lost mutation: You do not regenerate when monsters are
                  | visible. [potion of mutation]
  5979 | D:6      | Lost mutation: You are agile. (Dex +2) [potion of mutation]
  5979 | D:6      | Lost mutation: You are resistant to hostile enchantments.
                  | (MR+) [potion of mutation]
  5979 | D:6      | Gained mutation: You possess an exceptional clarity of
                  | mind. [potion of mutation]
  5979 | D:6      | Gained mutation: You are dopey. (Int -2) [potion of
                  | mutation]
  5979 | D:6      | Gained mutation: Your magical capacity is low. (-10% MP)
                  | [potion of mutation]
  5979 | D:6      | Gained mutation: You are partially covered in large bone
                  | plates. (SH +4) [potion of mutation]
  6245 | D:7      | Reached **** piety under Trog
  6366 | D:7      | Reached skill level 12 in Long Blades
  6427 | D:7      | Found a staircase to the Ecumenical Temple.
  7312 | D:8      | Reached skill level 13 in Long Blades
  7386 | D:8      | Noticed a two-headed ogre
  7399 | D:8      | Killed a two-headed ogre
  7399 | D:8      | Reached XP level 10. HP: 73/88 MP: 8/8
  7707 | D:8      | Noticed Harold
  7735 | D:8      | Killed Harold
  7735 | D:8      | Reached skill level 14 in Long Blades
  8380 | D:8      | Reached ***** piety under Trog
  9238 | D:9      | Found Uptoc's Antique Weapon Shop.
  9245 | D:9      | Noticed a two-headed ogre
  9253 | D:9      | Killed a two-headed ogre
  9260 | D:9      | Bought a glowing long sword for 175 gold pieces
  9419 | D:9      | Reached skill level 15 in Long Blades
  9785 | D:9      | Found a staircase to the Orcish Mines.
  9850 | D:9      | Reached XP level 11. HP: 97/97 MP: 8/8
 10106 | D:9      | Noticed Maurice
 10122 | D:9      | Killed Maurice
 10482 | D:10     | Entered Level 10 of the Dungeon
 10491 | D:9      | Received a gift from Trog
 10591 | D:10     | Reached skill level 10 in Fighting
 10660 | D:10     | Noticed Josephine
 11301 | D:10     | Killed Josephine
 11871 | D:10     | Found a blossoming altar of Fedhas.
 12062 | D:10     | Found a staircase to the Lair.
 12154 | D:11     | Noticed a brown ugly thing
 12168 | D:11     | Killed a brown ugly thing
 12168 | D:11     | Reached skill level 16 in Long Blades
 12195 | D:11     | Noticed Snorg
 12218 | D:11     | Killed Snorg
 12370 | D:11     | Noticed Erica
 12390 | D:11     | Killed Erica
 12707 | D:11     | Noticed a red ugly thing
 12721 | D:11     | Reached skill level 10 in Armour
 12722 | D:11     | Killed a red ugly thing
 12871 | D:11     | Noticed Erolcha
 12880 | D:11     | Killed Erolcha
 13559 | D:12     | Found Atoteng's Magic Scroll Shop.
 13576 | D:12     | Bought a scroll of identify for 28 gold pieces
 13576 | D:12     | Bought a scroll of identify for 28 gold pieces
 13576 | D:12     | Bought a scroll of silence for 105 gold pieces
 13601 | D:12     | Reached skill level 17 in Long Blades
 13601 | D:12     | Reached XP level 12. HP: 105/110 MP: 9/9
 13650 | D:12     | Found a frozen archway.
 13706 | IceCv    | Entered an ice cave
 14515 | D:12     | Reached skill level 18 in Long Blades
 15060 | D:12     | Noticed Sonja
 15080 | D:12     | Killed Sonja
 15816 | D:13     | Reached skill level 19 in Long Blades
 16051 | D:13     | Reached XP level 13. HP: 111/119 MP: 11/11
 17748 | D:14     | Reached skill level 20 in Long Blades
 18171 | D:14     | Received a gift from Trog
 18585 | D:14     | Reached skill level 1 in Slings
 18644 | D:14     | Found a gate to the Vaults.
 19002 | D:15     | Entered Level 15 of the Dungeon
 19292 | Lair:1   | Entered Level 1 of the Lair of Beasts
 19292 | Lair:1   | Noticed Gastronok
 19305 | Lair:1   | Killed Gastronok
 19315 | Lair:1   | Got a jewelled quick blade
 19322 | D:10     | Identified the cursed +1 quick blade of the Pharaoh's Fist
                  | {venom, Str+2 Int+4 SInv} (You found it on level 1 of the
                  | Lair of Beasts)
 20475 | Lair:2   | HP: 6/187 [tyrant leech (13)]
 20481 | Lair:2   | HP: 1/125 [swamp worm/harpoon shot (8)]
 20481 | Lair:2   | Slain by a tyrant leech

Skill      XL: |  1  2  3  4  5  6  7  8  9 10 11 12 13 |
---------------+----------------------------------------+-----
Fighting       | 4 5 6 8 9 11 12 14 | 14.8
Maces & Flails | 4 |  4.4
Armour         | 3 4 5 6 8 10 | 10.8
Long Blades    | 1 2 5 6 8 11 13 15 17 19 20 | 20.0
Slings         | 2 |  2.7
Dodging        | 3 |  3.6
Evocations     | |  0.6

Action                   |  1- 3 |  4- 6 |  7- 9 | 10-12 | 13-15 || total
-------------------------+-------+-------+-------+-------+-------++-------
Melee: Mace              |    29 |       |       |       |       ||    29
       Headbutt          |    13 |     7 |    41 |   156 |    62 ||   279
       Great sword       |    24 |    59 |   215 |   461 |   251 ||  1010
       Scimitar          |       |       |    15 |   208 |       ||   223
 Fire: Hunting sling     |    19 |    48 |    65 |   103 |    16 ||   251
Invok: Trog's Hand       |       |       |     2 |     9 |     3 ||    14
       Berserk           |       |       |     2 |     5 |     2 ||     9
       Brothers in Arms  |       |       |       |     4 |       ||     4
Evoke: Wand              |       |       |       |     6 |       ||     6
  Use: Scroll            |     8 |     2 |     4 |    14 |     7 ||    35
       Potion            |       |       |     2 |     3 |       ||     5
  Eat: Chunk             |     3 |     6 |    10 |    15 |     9 ||    43
       Ration            |       |       |     1 |     7 |     2 ||    10
Armor: Chain mail        |    51 |    52 |   211 |   141 |       ||   455
       Plate armour      |       |       |       |   317 |   103 ||   420
Dodge: Dodged            |    50 |    41 |   142 |   288 |    53 ||   574
Block: Other             |       |     7 |    89 |   303 |    75 ||   474
       Reflection        |       |       |     8 |    16 |     3 ||    27
       Rpst.: Great sword |     8 |     9 |    31 |    37 |    16 ||   101
       Scimitar          |       |       |     3 |    17 |       ||    20
